 Dungeon Crawl Stone Soup version 0.31.0-11-ge490571c62 (webtiles) character file.

Game seed: 10319459108024979568

3175 stipulation the Scholar of Death (level 9, -4/39 HPs)
             Began as a Vine Stalker Necromancer on Jan 28, 2024.
             Was a Follower of Kikubaaqudgha.
             Slain by a white ugly thing (9 damage)
             ... on level 8 of the Dungeon.
             The game lasted 00:14:31 (9394 turns).

stipulation the Scholar of Death (VSNe)             Turns: 9394, Time: 00:14:32

Health: -4/39      AC:  7    Str: 11    XL:     9   Next: 95%
Magic:  0/22       EV: 12    Int: 19    God:    Kikubaaqudgha [*.....]
Gold:   267        SH:  0    Dex: 15    Spells: 12/24 levels left

rFire   . . .        d - staff of death
rCold   . . .        (no shield)
rNeg    + . .        a - +0 robe
rPois   .            H - +0 hat
rElec   .            n - +0 cloak
rCorr   +            (no gloves)
SInv    .            (no boots)
Will    +....        w - amulet of magic regeneration
Stlth   ++           z - +4 ring of protection
HPRegen 1.06/turn    B - ring of resist corrosion
MPRegen 0.58/turn

%: guardian spirit
@: slowed, very slow
A: fangs 3, regeneration 1, magic shield, antimagic bite, no potion heal 2
a: Renounce Religion, Unearth Wretches


You were on level 8 of the Dungeon.
You worshipped Kikubaaqudgha.
Kikubaaqudgha was aware of your devotion.
You visited 2 branches of the dungeon, and saw 9 of its levels.

You collected 441 gold pieces.
You spent 174 gold pieces at shops.

Inventory:

Missiles
 D - 2 throwing nets
Armour
 a - a +0 robe (worn)
 n - a +0 cloak (worn)
 F - the +4 ring mail of the Game of Kings {rF+ Will- Slay+2}
   (You found it on level 7 of the Dungeon)

   Slay+2:    It affects your accuracy & damage with ranged weapons and melee
   (+2).
   rF+:       It protects you from fire.
   Will-:     It decreases your willpower.
 G - the +0 robe of Dim Light {rElec rF- Int+7}
   (You bought it in a shop on level 7 of the Dungeon)

   Int+7:     It affects your intelligence (+7).
   rF-:       It makes you vulnerable to fire.
   rElec:     It insulates you from electricity.
 H - a +0 hat (worn)
Magical Staves
 d - a staff of death (weapon)
Jewellery
 w - an amulet of magic regeneration (around neck)
 z - a +4 ring of protection (left hand)
 B - a ring of resist corrosion (right hand)
Wands
 A - a wand of mindburst (19)
Scrolls
 c - 2 scrolls of identify
 g - 4 scrolls of vulnerability
 h - 2 scrolls of enchant weapon
 l - 5 scrolls of amnesia
 m - a scroll of acquirement
 t - 2 scrolls of fog
 u - 2 scrolls of enchant armour
 v - a scroll of revelation
 y - a scroll of noise
 C - 2 scrolls of fear
 E - a scroll of blinking {unknown}
Potions
 b - a potion of magic
 e - a potion of brilliance {unknown}
 f - 2 potions of mutation {unknown}
 j - 3 potions of enlightenment {unknown}
 k - 3 potions of invisibility {unknown}
 p - 3 potions of curing
 q - 2 potions of heal wounds {unknown}
 r - 3 potions of haste {unknown}
 s - a potion of cancellation {unknown}
 I - a potion of degeneration {unknown}


   Skills:
 - Level 1.5 Dodging
 - Level 2.4 Stealth
 + Level 8.4 Spellcasting
 * Level 10.7 Necromancy
 - Level 4.0 Evocations


You had 12 spell levels left.
You knew the following spells:

 Your Spells              Type           Power      Damage    Failure   Level
a - Necrotise             Necr           100%       1d9       1%          1
b - Vampiric Draining     Necr           65%        2d10      1%          3
c - Animate Dead          Necr           65%        N/A       1%          4
d - Sublimation of Blood  Necr           65%        N/A       1%          2
e - Cigotuvi's Dreadful   Necr/Alch/Air  64%        N/A       3%          2

Your spell library contained the following spells:

 Spells                   Type           Power      Damage    Failure   Level
 Kiss of Death            Conj/Necr      100%       2d13      1%          1
 Curse of Agony           Necr           65%        N/A       3%          5
 Freeze                   Ice            32%        1d5       9%          1
 Magic Dart               Conj           32%        1d4       9%          1
 Blink                    Tloc           16%        N/A       13%         2
 Call Imp                 Summ           16%        N/A       13%         2
 Frozen Ramparts          Ice            16%        1d3       26%         3
 Hailstorm                Conj/Ice       8%         3d5       26%         3
 Conjure Ball Lightning   Conj/Air       4%         3x3d6     100%        6
 Summon Hydra             Summ           4%         N/A       100%        7
 Discord                  Hex            4%         N/A       100%        8
 Disjunction              Tloc           4%         N/A       100%        8


Dungeon Overview and Level Annotations

Branches:
Dungeon (8/15)             Temple (1/1) D:5
   Lair: D:8-11

Altars:
Ashenzari
Cheibriados
Dithmenos
Elyvilon
Gozag
Hepliaklqana
Kikubaaqudgha
Makhleb
Nemelex Xobeh
Okawaru
Qazlal
Ru
Sif Muna
Trog
Uskayaw
Vehumet
Yredelemnul
Zin
The Shining One

Shops:
D:7 [

Annotations:
D:3 3 runed translucent doors, browni3141's ghost, amateur MiFi


Innate Abilities, Weirdness & Mutations

You have razor-sharp teeth.
Your natural rate of healing is unusually fast.
When hurt, damage is shared between your health and your magic reserves.
Your bite disrupts and absorbs the magic of your enemies.
Potions cannot restore your health.


Message History

You feel a surge of power!
You draw life force from the killer bee!
You kill the killer bee!
Kikubaaqudgha accepts your kill.
You feel life coursing into your body.
You feel sick. The wraith barely misses you.
The orc wizard hits you with a +0 dagger.
The wraith misses you.
Casting: Vampiric Draining (safe; 1% risk of failure)
Confirm with . or Enter, or press ? or * to list all spells.
Aiming: Vampiric Draining (safe; 1% risk of failure)
Press: ? - help, Shift-Dir - straight line, f - orc wizard
Aim: an orc wizard, wielding a +0 dagger and wearing a +0 robe You feel a surge of power!
You draw life force from the orc wizard!
You feel life coursing into your body.
You feel sick.
The orc wizard hits you but does no damage.
The wraith closely misses you.
You hit the orc wizard but do no damage.
The orc wizard writhes in agony!
You kill the orc wizard!
Kikubaaqudgha accepts your kill.
You feel sick. The wraith misses you. The wraith hits you.
The wraith drains your vigour!
You feel as though you will be slow longer.
As you read the scroll labelled EKKIES ZUTHIDU, it crumbles to dust.
The creatures around you are filled with an inner flame!
It was a scroll of immolation.
You feel sick.
You are no longer poisoned.
A white ugly thing comes into view.
The wraith barely misses you. The white ugly thing claws you.
The white ugly thing freezes you!
* * * LOW HITPOINT WARNING * * *
This is a scroll of acquirement!
As you read the scroll labelled CUHEDOI JUTE, it crumbles to dust.
You feel a surge of unholy energy.
The white ugly thing convulses!
It was a scroll of torment.
The wraith barely misses you. The white ugly thing claws you!
You die...
Kikubaaqudgha rasps: "You have failed me!
Welcome... death!"

.######.#,,,,,#,**,,*,*,,,,,#.##.
...ZZ...###+###.#.#.#.#######.##.
.######.........#####.........##.
.######..##.###...##.##..#.##.##.
.#........§§...#..#....#.#,,#.##.
.#.####..###§##.#)#####..####.###
##,***#....§☼§§#.#{○#...##.#..###
,,,*#...#.####☼§#W##.##.###.#....
****#.#..####§☼§@#!†#............
,,,......#§○§§§○☼u###.###'###....
**####..##§§##§####...#P..,,#.###
,,,,..#.#○#.#☼##.###..#.##*,#..,*
***##...####§#...####.#.#)*,#.#.*
* #(..*.§☼☼...#.##..#.#'*,#.#.# *
*,*,*☼#§.###....#.#.B,,,#.#,#
*****,*,,.○.....##.##.###***#..,*
,,,,,,,,,,,,,,,,,,,,,,,,,,,,,,*,*


You could see a white ugly thing and a wraith (inner flame).

Vanquished Creatures
  Joseph (D:8)
  A troll (D:6)
  Menkaure (D:7)
  A steam dragon (D:7)
  Edmund (D:4)
  2 sky beasts
  An ice beast (D:6)
  An orc warrior (D:5)
  2 black bears (D:5)
  A centaur (D:6)
  A phantom (D:4)
  3 bullfrogs
  A gnoll sergeant (D:7)
  4 scorpions
  A wight (D:8)
  3 killer bees (D:8)
  A bombardier beetle (D:4)
  2 hounds (D:4)
  A jelly (D:4)
  3 orc priests
  Crazy Yiuf (D:2)
  Jessica (D:2)
  An iguana (D:5)
  9 orc wizards
  Natasha (thrice) (D:4)
  11 gnolls
  5 adders
  A shadow imp (D:7)
  3 white imps
  2 ufetubi (D:7)
  3 ribbon worms (D:3)
  2 dart slugs
  20 orcs
  5 ball pythons
  8 endoplasms
  3 giant cockroaches
  10 goblins
  6 hobgoblins
  4 quokkas
  2 bats
  3 frilled lizards
  5 kobolds
  A rat (D:2)
141 creatures vanquished.

Vanquished Creatures (collateral kills)
  An iguana (D:5)
  2 orcs
  An endoplasm (D:2)
4 creatures vanquished.

Vanquished Creatures (others)
  A bullfrog zombie (D:8)
  2 orc zombies (D:8)
3 creatures vanquished.

Grand Total: 148 creatures vanquished

Notes
Turn   | Place    | Note
-------+----------+-------------------------------------------
     0 | D:1      | stipulation the Vine Stalker Necromancer began the quest
                  | for the Orb.
     0 | D:1      | Reached XP level 1. HP: 9/9 MP: 4/4
   136 | D:1      | Reached XP level 2. HP: 13/13 MP: 1/6
   484 | D:1      | Found a faded altar of an unknown god.
   484 | D:1      | Noticed a cacodemon
   697 | D:2      | Noticed Jessica
   701 | D:2      | Killed Jessica
   702 | D:2      | Reached XP level 3. HP: 16/16 MP: 3/8
  1047 | D:2      | Found a runed translucent door.
  1048 | D:2      | Noticed Crazy Yiuf
  1112 | D:2      | Reached XP level 4. HP: 21/21 MP: 8/10
  1566 | D:3      | Found a stormy altar of Qazlal.
  1720 | D:3      | Found a runed translucent gate.
  1720 | D:3      | Found a runed translucent gate.
  1767 | D:3      | Reached skill level 5 in Necromancy
  2209 | D:3      | Found a runed translucent gate.
  2209 | D:3      | Noticed browni3141's ghost (amateur MiFi)
  2234 | D:3      | Found a snail-covered altar of Cheibriados.
  2545 | D:4      | Noticed a scorpion
  2555 | D:3      | Killed a scorpion
  2556 | D:3      | Reached XP level 5. HP: 5/24 MP: 1/12
  2902 | D:4      | Noticed Edmund
  3055 | D:4      | Reached XP level 6. HP: 28/28 MP: 5/13
  3246 | D:4      | Reached skill level 1 in Evocations
  3268 | D:4      | Reached skill level 6 in Necromancy
  3321 | D:4      | Reached skill level 5 in Spellcasting
  3449 | D:4      | Reached XP level 7. HP: 12/32 MP: 4/15
  3453 | D:4      | Learned a level 3 spell: Vampiric Draining
  3458 | D:4      | Learned a level 4 spell: Animate Dead
  3461 | D:4      | Learned a level 2 spell: Sublimation of Blood
  3834 | D:4      | Noticed Natasha
  3845 | D:4      | Killed Natasha
  4011 | D:5      | Entered Level 5 of the Dungeon
  4115 | D:5      | Found a staircase to the Ecumenical Temple.
  4126 | Temple   | Entered the Ecumenical Temple
  4153 | Temple   | Became a worshipper of Kikubaaqudgha
  4840 | D:5      | Gained mutation: You have razor-sharp teeth. [Vine Stalker
                  | growth]
  4840 | D:5      | Reached XP level 8. HP: 36/36 MP: 13/17
  4905 | D:5      | Reached skill level 7 in Necromancy
  5419 | D:6      | Found a white marble altar of Elyvilon.
  5505 | D:6      | Found a burning altar of Makhleb.
  5530 | D:6      | Reached * piety under Kikubaaqudgha
  5530 | D:6      | Received a gift from Kikubaaqudgha
  5637 | D:6      | Found a broken altar of Ashenzari.
  5646 | D:6      | Noticed a troll
  5771 | D:6      | Found a radiant altar of Vehumet.
  5950 | D:6      | Reached skill level 8 in Necromancy
  6104 | D:6      | Found a broken altar of Ashenzari.
  6146 | D:6      | Killed a troll
  6147 | D:6      | Reached XP level 9. HP: 39/39 MP: 12/20
  6208 | D:6      | Found a burning altar of Makhleb.
  6249 | D:6      | Found a white marble altar of Elyvilon.
  6496 | D:6      | Found a radiant altar of Vehumet.
  6650 | D:2      | Killed Crazy Yiuf
  7096 | D:4      | Noticed Natasha
  7102 | D:4      | Killed Natasha
  7317 | D:4      | Noticed Natasha
  7322 | D:4      | Killed Natasha
  7454 | D:4      | Killed Edmund
  7455 | D:4      | Reached skill level 9 in Necromancy
  8195 | D:7      | Found Teisedghi's Antique Armour Shoppe.
  8258 | D:7      | Found a hide-covered altar of Uskayaw.
  8632 | D:7      | Noticed Menkaure
  8633 | D:7      | Killed Menkaure
  8699 | D:7      | Identified the +4 ring mail of the Game of Kings {rF+ Will-
                  | Slay+2}
  8958 | D:7      | Bought a polished robe for 102 gold pieces
  8958 | D:7      | Identified the +0 robe of Dim Light {rElec rF- Int+7} (You
                  | bought it in a shop on level 7 of the Dungeon)
  8958 | D:7      | Bought a hat for 72 gold pieces
  9062 | D:8      | Noticed Joseph
  9072 | D:8      | Killed Joseph
  9073 | D:8      | Reached skill level 10 in Necromancy
  9122 | D:8      | Learned a level 2 spell: Cigotuvi's Dreadful Rot
  9153 | D:8      | Found an opulent altar of Gozag.
  9247 | D:8      | Noticed a boulder beetle
  9393 | D:8      | Noticed a white ugly thing
  9394 | D:8      | Identified a scroll of acquirement
  9394 | D:8      | Slain by a white ugly thing

Illustrated notes

Levels and vault maps discovered:
D:1:      dpeg_arrival_arbitrary_c, layout_rooms,
          dreamdust_ecumenical_altar_sealed_demon, due_unseen_surprise
D:2:      layout_basic, minmay_distorted, uniq_crazy_yiuf_cottage, uniq_jessica
D:3:      layout_rooms, cheibrodos_worm_habitat,
          nicolae_qazlal_eye_of_the_storm, gammafunk_ghost_necromancy,
          minivault_25, chequers_big_river
D:4:      layout_loops_corners, minmay_misc_feat_pillars, uniq_natasha,
          uniq_edmund
D:5:      layout_loops_ring, minmay_temple_entry_statues_fountains
D:6:      layout_basic, mainiacjoe_overflow_cross_hatched, kennysheep_mini_moat,
          old_standard_altar, mainiacjoe_overflow_alcove_2
D:7:      layout_basic, mainiacjoe_overflow_concentric_impassable, serial_shops,
          nicolae_inconvenience_store, kennysheep_potato, uniq_menkaure
D:8:      layout_basic, grunt_gozag_statues, serial_shops, shop,
          minmay_shattered_shrine, uniq_joseph
Temple:   minmay_temple_curvy_loop

Skill      XL: |  1  2  3  4  5  6  7  8  9 |
---------------+----------------------------+-----
Spellcasting   | 3 4 5 7 8 |  8.4
Necromancy     | 5 6 8 10 | 10.7
Evocations     | 1 3 4 |  4.0
Dodging        | |  1.5
Stealth        | |  2.4

Action                     |  1- 3 |  4- 6 |  7- 9 || total
---------------------------+-------+-------+-------++-------
  Melee: Unarmed           |    13 |       |       ||    13
         Bite              |     4 |     9 |    29 ||    42
         Staff             |       |    27 |   122 ||   149
         Punch             |       |     2 |     2 ||     4
   Cast: Necrotise         |    42 |   106 |   126 ||   274
         Vampiric Draining |       |       |    59 ||    59
         Animate Dead      |       |       |     2 ||     2
  Evoke: Wand              |       |       |     3 ||     3
    Use: Scroll            |     1 |       |    11 ||    12
         Potion            |       |     1 |     1 ||     2
   Stab: Sleeping          |       |       |     1 ||     1
 Armour: Robe              |     9 |    32 |   222 ||   263
  Dodge: Dodged            |     3 |    32 |   154 ||   189
